 Dungeon Crawl Stone Soup version 0.29.1-1-gd02db6906a (webtiles) character file.

Game seed: 6986105836540967386

11 GigaChad the Covered (level 2, -3/27 HPs)
             Began as a Minotaur Fighter on Oct 4, 2022.
             Succumbed to a goblin's poison
             ... on level 1 of the Dungeon.
             The game lasted 00:01:40 (592 turns).

GigaChad the Covered (Minotaur Fighter)              Turns: 592, Time: 00:01:41

Health: -3/27      AC:  7    Str: 20    XL:     2   Next: 17%
Magic:  0/1        EV:  9    Int:  5    God:
Gold:   19         SH:  4    Dex:  9    Spells: 1/1 levels left

rFire   . . .      SeeInvis .   a - +0 long sword
rCold   . . .      Faith    .   c - +0 buckler
rNeg    . . .      Spirit   +   b - +0 scale mail
rPois   .          Reflect  .   (helmet restricted)
rElec   .          Harm     .   (no cloak)
rCorr   .          Rampage  .   (no gloves)
Will    .....                   (no boots)
Stlth   ..........              k - amulet of guardian spirit
HPRegen 0.09/turn               (no ring)
MPRegen 0.07/turn               (no ring)

@: lethally poisoned (-3 -> -23), weak-willed
A: horns 2, retaliatory headbutt
a: no special abilities


You were on level 1 of the Dungeon.
You visited 1 branch of the dungeon, and saw 1 of its levels.

You collected 19 gold pieces.

Inventory:

Hand Weapons
 a - a +0 long sword (weapon)
Armour
 b - a +0 scale mail (worn)
 c - a +0 buckler (worn)
Jewellery
 k - an amulet of guardian spirit (around neck)
Scrolls
 e - 3 scrolls of silence
 i - a scroll of poison {unknown}
Potions
 d - a potion of might
 h - a potion of experience {unknown}
 j - a potion of lignification {unknown}


   Skills:
 + Level 3.8 Fighting
 + Level 2.6 Long Blades
 + Level 3.8 Armour
 + Level 0.8 Dodging
 + Level 3.7 Shields


You had one spell level left.
You didn't know any spells.
Your spell library was empty.

Dungeon Overview and Level Annotations

Branches:
Dungeon (1/15)

Altars:


Innate Abilities, Weirdness & Mutations

You have a pair of horns on your head.
You reflexively headbutt those who attack you in melee.


Message History

k - an amulet of guardian spirit You start putting on your amulet.
You continue putting on your amulet of guardian spirit. x5
You finish putting on your amulet of guardian spirit.
You feel your power drawn to a protective spirit.
k - an amulet of guardian spirit (around neck)
As you read the scroll labelled PENTE XISIA, it crumbles to dust.
It is a scroll of identify.
e - 3 scrolls of silence
As you read the scroll labelled USTADGH KYS UKAIF, it crumbles to dust.
Magic quickly surges around you.
It was a scroll of vulnerability.
Found 5 stones.
You see here 5 stones.
You now have 19 gold pieces (gained 7).
A goblin comes into view. It is wielding a +2 dagger of venom.
The goblin shouts!
A goblin is nearby!
The goblin hits you but does no damage.
You are poisoned.
You see here 13 gold pieces.
You miss the goblin. Your headbutt misses the goblin.
You feel sick. The goblin hits you but does no damage.
You are more poisoned.
You closely miss the goblin.
You feel very sick.
The goblin hits you with a +2 dagger of venom.
You are lethally poisoned!
The goblin hits you but does no damage.
You are more poisoned.
You completely miss the goblin.
You feel extremely sick. The goblin barely misses you.
You hit the goblin.
The goblin is moderately wounded.
* * * LOW HITPOINT WARNING * * *
You feel extremely sick. The goblin barely misses you.
You slash the goblin!
You kill the goblin!
You die...

########.######.#.##..
#...............#.##..
#.########.######.##..
#.# ###.# #.##.. #.#
#.##.# #.##..
#.####...#.# ##.##.#
#.##.......## #......
#.##..............†###
#(##.@)....#####...#
#.##.#...#.# #..##
#.##.##.## #..#
#.#...####.# #..####
#..........# #......
###...###### #.#####
##.## #.##### #.#
#...... ..# #######


There were no monsters in sight!

Vanquished Creatures
  An endoplasm (D:1)
  A goblin (D:1)
  A hobgoblin (D:1)
  A quokka (D:1)
  3 ball pythons (D:1)
  A bat (D:1)
  A frilled lizard (D:1)
  2 kobolds (D:1)
  2 rats (D:1)
13 creatures vanquished.

Notes
Turn   | Place    | Note
-------+----------+-------------------------------------------
     0 | D:1      | GigaChad the Minotaur Fighter began the quest for the Orb.
     0 | D:1      | Reached XP level 1. HP: 19/19 MP: 0/0
   527 | D:1      | Reached XP level 2. HP: 27/27 MP: 1/1
   592 | D:1      | Succumbed to a goblin's poison

Illustrated notes

Levels and vault maps discovered:
D:1:      dpeg_arrival_oval, layout_loops_ring,
          shapermc_ecumenical_altar_mp_urbaneastern

Action                   || total
-------------------------++-------
Melee: Long sword        ||    37
       Headbutt          ||     3
  Use: Scroll            ||     2
Armor: Scale mail        ||    25
Dodge: Dodged            ||    22
Block: Buckler           ||    18
